 Dungeon Crawl Stone Soup version 0.20-a0-214-gb74cb0e (webtiles) character file.

203 Lochraine the Caller (level 5, 0/35 HPs)
             Began as a Mummy Summoner on Nov 27, 2016.
             Was a Follower of Okawaru.
             Slain by a worker ant (6 damage)
             ... on level 3 of the Dungeon.
             The game lasted 00:10:23 (3846 turns).

Lochraine the Caller (Mummy Summoner)               Turns: 3846, Time: 00:10:24

Health: 0/35       AC:  4    Str: 12    XL:     5   Next: 51%
Magic:  2/11       EV: 12    Int: 15    God:    Okawaru [*.....]
Gold:   88         SH:  0    Dex: 12    Spells: 6/12 levels left

rFire  x . .     SeeInvis .     a - +0 hand axe
rCold  + . .     Gourm    .     c - +0 robe
rNeg   + + +     Faith    .     (no shield)
rPois  ∞         Spirit   .     j - +1 helmet
rElec  .         Reflect  .     (no cloak)
rCorr  .         Harm     .     (no gloves)
MR     .....                    (no boots)
Stlth  ++........               (no amulet)
                                (no ring)
                                l - ring of flight

@: no status effects
A: no food or potions, fire vulnerability, cold resistance 1, negative energy
resistance 3, torment resistance, unbreathing
a: Heroism, Renounce Religion, Evoke Flight


You were on level 3 of the Dungeon.
You worshipped Okawaru.
Okawaru was aware of your devotion.
You were not hungry.

You visited 1 branch of the dungeon, and saw 3 of its levels.

You collected 88 gold pieces.

Inventory:

Hand Weapons
 a - a +0 hand axe (weapon)
 b - a +0 hunting sling of freezing
Missiles
 k - 16 stones (quivered)
Armour
 c - a +0 robe (worn)
 j - a +1 helmet (worn)
Jewellery
 l - a ring of flight (left hand)
Scrolls
 d - 2 scrolls of blinking {unknown}
 e - 3 scrolls of identify {unknown}
 f - a scroll of enchant weapon {unknown}
 g - 2 scrolls of remove curse {unknown}
 h - 2 scrolls of amnesia {unknown}
Books
 i - a book of Callings

   Spells                             Type                      Level
   a - Summon Small Mammal            Summoning                    1
   b - Call Imp                       Summoning                    2
   c - Call Canine Familiar           Summoning                    3
   d - Summon Guardian Golem          Hexes/Summoning              3
   e - Summon Lightning Spire         Summoning/Air                4
   f - Summon Ice Beast               Ice/Summoning                4


   Skills:
 - Level 1.5 Dodging
 - Level 1.5 Stealth
 + Level 4.0 Spellcasting
 + Level 4.6 Summonings


You had 6 spell levels left.
You knew the following spells:

 Your Spells              Type           Power        Failure   Level  Hunger
a - Summon Small Mammal   Summ           ###.         2%          1    N/A
b - Call Imp              Summ           ###.....     4%          2    N/A
c - Call Canine Familiar  Summ           ###.....     10%         3    N/A

Dungeon Overview and Level Annotations

Branches:
Dungeon (3/15)

Altars:
Okawaru


Innate Abilities, Weirdness & Mutations

You do not eat or drink.
Your flesh is vulnerable to fire.
You are immune to poison.
Your flesh is cold resistant. (rC+)
You are immune to negative energy. (rN+++)
You are immune to unholy pain and torment.
You can survive without breathing.


Message History

Orders for allies: a - Attack new target. p - Attack previous target. r - Retreat! s - Stop attacking. g - Guard the area. f - Follow me.
Anything else - Cancel.
Gang up on whom?
Press: ? - help, Dir - move target cursor, f/p - worker ant
Aim: a worker ant (heavily wounded) Attack!
You hear a zap.
You hear a grinding noise.
Your hound closely misses the worker ant.
You hit the worker ant.
The worker ant is severely wounded.
Your hound dies!
Your hound's corpse disappears in a puff of smoke!
The worker ant bites you!
* * * LOW HITPOINT WARNING * * *
The howler monkey hits your crimson imp but does no damage.
Your crimson imp barely misses the worker ant.
The worker ant bites you.
You die...

...... ..... .# ... #.#
##†# #.# ...#####.#
(...##...# ############
.........# #..........#
..†.(.....##..........#
.....!...#.#...)@.....#
...†..)....5....a.....#
........5###...§5.....#
.........# #....5.....#
.....5§..# #..g.h.....#
##..##g5## #..........#
#.####gh####.)########
#. ##a..##l####### ..
###..r.....!..


You could see a howler monkey, a worker ant, a leopard gecko, a goblin and 3
friendly crimson imps.

Vanquished Creatures
  The ghost of anet the Skirmisher, an amateur HEWn (D:3)
  A leopard gecko (D:2)
  2 giant cockroaches
  2 goblins (D:3)
  2 hobgoblins
  2 quokkas (D:3)
  4 bats
  4 frilled lizards
  2 kobolds (D:1)
  8 rats
28 creatures vanquished.

Vanquished Creatures (collateral kills)
  Robin (D:3)
  6 adders
  2 worms (D:2)
  A leopard gecko (D:2)
  4 giant cockroaches
  10 goblins
  2 hobgoblins
  4 jackals
  3 kobolds
  A ball python (D:3)
  2 bats (D:1)
  A frilled lizard (D:2)
  A rat (D:2)
38 creatures vanquished.

Grand Total: 66 creatures vanquished

Notes
Turn   | Place    | Note
-------+----------+-------------------------------------------
     0 | D:1      | Lochraine the Mummy Summoner began the quest for the Orb.
     0 | D:1      | Reached XP level 1. HP: 13/13 MP: 3/3
  1294 | D:1      | Reached XP level 2. HP: 14/19 MP: 5/5
  1712 | D:1      | Learned a level 2 spell: Call Imp
  2083 | D:2      | Found an iron altar of Okawaru.
  2151 | D:2      | Became a worshipper of Warmaster Okawaru
  2192 | D:2      | Reached XP level 3. HP: 19/24 MP: 4/7
  3356 | D:3      | Noticed Robin
  3395 | D:3      | Killed Robin
  3396 | D:3      | Reached XP level 4. HP: 25/30 MP: 2/8
  3601 | D:3      | Learned a level 3 spell: Call Canine Familiar
  3686 | D:3      | Noticed anet's ghost (amateur HEWn)
  3721 | D:3      | Killed anet's ghost
  3721 | D:3      | Reached * piety under Okawaru
  3721 | D:3      | Reached XP level 5. HP: 22/35 MP: 1/11
  3846 | D:3      | Slain by a worker ant

Vault maps used:
D:1:      co_arrival_square_in_a_square_in_a_square, hex_tiny
D:2:      kennysheep_six_static_rooms, first_bread, minmay_misc_feat_roman,
          okawaru_metal_pillars_1_2
D:3:      nicolae_ru_awakened_eye, st_stairs_7, uniq_robin, uniq_terence

Skill      XL: |  1  2  3  4 |
---------------+-------------+-----
Spellcasting   | 3 4 |  4.0
Summonings     | 4 |  4.6
Dodging        | |  1.5
Stealth        | |  1.5

Action                   |  1- 3 |  4- 6 || total
-------------------------+-------+-------++-------
Melee: Hand axe          |    92 |    19 ||   111
       Unarmed           |     8 |       ||     8
 Fire: Hunting sling     |       |     8 ||     8
 Cast: Summon Small Mamm |    36 |       ||    36
       Call Imp          |    13 |    13 ||    26
       Call Canine Famil |       |     1 ||     1
 Stab: Distracted        |     1 |       ||     1
       Sleeping          |     1 |       ||     1
Armor: Robe              |    41 |     6 ||    47
Dodge: Dodged            |    85 |    14 ||    99
